 Dungeon Crawl Stone Soup version 0.31-a0-162-gc4c5a43528 (webtiles) character file.

Game seed: 2390621536493352897

249 qw the Chopper (level 6, -9/38 HPs)
             Began as a Gargoyle Fighter on June 12, 2023.
             Mangled by an ogre
             ... wielding a +0 giant club
              (12 damage)
             ... on level 4 of the Dungeon.
             The game lasted 00:01:24 (2698 turns).

qw the Chopper (Gargoyle Fighter)                   Turns: 2698, Time: 00:01:25

Health: -9/38      AC: 11    Str: 22    XL:     6   Next: 12%
Magic:  6/6        EV:  8    Int:  8    God:
Gold:   172        SH:  8    Dex:  9    Spells: 5/5 levels left

rFire   . . .        Y - +2 war axe
rCold   . . .        k - +0 kite shield
rNeg    + . .        b - +0 scale mail
rPois   inf          (no helmet)
rElec   +            (no cloak)
rCorr   .            (no gloves)
SInv    .            (no boots)
Will    .....        (no amulet) Stlth
                     (no ring)
HPRegen 0.26/turn    (no ring)
MPRegen 0.10/turn

%: no passive effects
@: about to teleport
A: sickness immunity, AC +4, negative energy resistance 1, electricity
resistance, torment resistance 1, petrification resistance
a: no special abilities


You were on level 4 of the Dungeon.
You visited 1 branch of the dungeon, and saw 4 of its levels.

You collected 172 gold pieces.


Innate Abilities, Weirdness & Mutations

You are immune to sickness and miasma.
Your stone body is resilient. (AC +4)
You are immune to poison.
You resist negative energy. (rN+)
You are resistant to electric shocks. (rElec)
You are resistant to unholy torment.
You are immune to petrification.


   Skills:
 - Level 4.0 Fighting
 - Level 5.0 Axes
 - Level 3.2 Armour
 - Level 1.1 Dodging
 + Level 3.3 Shields


You had 5 spell levels left.
You didn't know any spells.
Your spell library was empty.

Inventory:

Hand Weapons
 a - a +3 mace of draining
 j - a +0 mace
 Y - a +2 war axe (weapon)
Armour
 b - a +0 scale mail (worn)
 c - a +0 tower shield
 k - a +0 kite shield (worn)
Scrolls
 f - a scroll of identify
Potions
 d - a potion of might
 e - a potion of attraction {unknown}
 h - a potion of curing {unknown}
 l - a potion of lignification {unknown}
 m - a potion of degeneration {unknown}
 n - a potion of mutation {unknown}
 o - a potion of enlightenment {unknown}

Dungeon Overview and Level Annotations

Branches:
Dungeon (4/15)
 Temple: D:4-7

Altars:
Hepliaklqana
Trog
Wu Jian


Message History

g - a scroll of teleportation A ball python comes into view.
2614 ||| Stepping ~*~*~tactically~*~*~ (stealth).
2615 ||| Stepping ~*~*~tactically~*~*~ (stealth).
Found a stone staircase leading up.
There is a stone staircase leading up here.
You barely miss the ball python. The ball python bites you.
The ball python grabs you. The ball python constricts you.
The ball python bites you but does no damage.
The ball python constricts you.
You barely miss the ball python.
The ball python bites you but does no damage.
The ball python constricts you.
The ball python bites you but does no damage.
The ball python constricts you.
You slash the ball python!
You kill the ball python!
You start resting.
HP restored.
You see here a ball python corpse.
An ogre comes into view. It is wielding a +0 giant club.
Found a hazy altar of Hepliaklqana.
The ogre shouts!
You barely miss the ogre. The ogre hits you with a +0 giant club!
You hit the ogre.
The ogre is lightly wounded.
You block the ogre's attack.
You barely miss the ogre.
The ogre is lightly wounded.
You hit the ogre.
The ogre is lightly wounded.
The ogre hits you with a +0 giant club!!
Ouch! That really hurt!
2698 ||| READING scroll of teleportation.
As you read the scroll of teleportation, it crumbles to dust.
You feel strangely unstable. The ogre hits you with a +0 giant club!
You die...

.....# .8.8. .._.
.8. ## .. #.#. ##
#.O##+# #. #.@...#
#. ###.### ##.
#.##### ~~~ ####
#.#...## ~##
#S...####.%###.####
#~ #....[.<#>##
##...## #~
#.##.##...# #....#
#~ .....##.#.##
##.#..# #~##
#.##.....).###.##..#
#~~~


You could see an ogre.

Vanquished Creatures
  Menkaure (D:4)
  Jessica (D:3)
  4 adders
  3 worms
  3 dart slugs
  4 bats
  2 endoplasms
  2 giant cockroaches
  11 goblins
  2 hobgoblins
  2 jackals (D:3)
  A quokka (D:1)
  8 ball pythons
  A frilled lizard (D:3)
  5 kobolds
  5 rats
55 creatures vanquished.

Notes
Turn   | Place    | Note
-------+----------+-------------------------------------------
     0 | D:1      | qw the Gargoyle Fighter began the quest for the Orb.
     0 | D:1      | Reached XP level 1. HP: 14/14 MP: 1/1
     0 | D:1      | 0 ||| qw: Version: 0.2-a-29-gc1b59c4
     0 | D:1      | 0 ||| qw: Game counter: 4426
     0 | D:1      | 0 ||| qw: Always use a shield: true
     0 | D:1      | 0 ||| qw: God list: Okawaru
     0 | D:1      | 0 ||| qw: Allow faded altars: false
     0 | D:1      | 0 ||| qw: Do Orc after D:15 true
     0 | D:1      | 0 ||| qw: Do second Lair branch before Depths: true
     0 | D:1      | 0 ||| qw: Lair rune preference: random
     0 | D:1      | 0 ||| qw: Plans: Normal, Zot:1-4, Slime:5, God:TSO, Crypt,
                  | Tomb, Abyss, Pan, Hells, Win
     0 | D:1      | 0 ||| PLANNING D:1-11
   149 | D:1      | Reached skill level 2 in Axes
   381 | D:1      | Reached XP level 2. HP: 19/19 MP: 2/2
   433 | D:1      | 433 ||| Stepping ~*~*~tactically~*~*~ (stealth).
   696 | D:1      | 696 ||| READING scroll labelled WEIMYX MUFUFRI.
   697 | D:1      | 697 ||| READING scroll labelled ZUSKUIHOPO.
   721 | D:2      | 721 ||| Stepping ~*~*~tactically~*~*~ (stealth).
   739 | D:2      | Reached skill level 3 in Axes
   739 | D:2      | Reached XP level 3. HP: 23/23 MP: 3/3
   750 | D:2      | Identified the +5 hand axe of Raxoda {freeze, rF+ rN+}
   776 | D:2      | 776 ||| FLEEEEING.
   842 | D:2      | You fall into a shaft and drop 2 floors!
   857 | D:4      | Noticed Menkaure
   867 | D:4      | HP: 2/23 [Menkaure (12)]
   868 | D:4      | Killed Menkaure
   869 | D:4      | Reached skill level 5 in Axes
   869 | D:4      | Reached XP level 4. HP: 3/28 MP: 4/4
   869 | D:4      | Reached XP level 5. HP: 4/32 MP: 5/5
   980 | D:4      | Found a bloodstained altar of Trog.
   980 | D:4      | Found an ornate altar of the Wu Jian Council.
  1035 | D:4      | 1035 ||| READING scroll labelled VUAC QOIRETA.
  1156 | D:3      | 1156 ||| FLEEEEING.
  1157 | D:3      | 1157 ||| STAIRDANCE
  1178 | D:2      | 1178 ||| Stepping ~*~*~tactically~*~*~ (stealth).
  1199 | D:2      | 1199 ||| Stepping ~*~*~tactically~*~*~ (stealth).
  1204 | D:2      | 1204 ||| Stepping ~*~*~tactically~*~*~ (stealth).
  1220 | D:2      | 1220 ||| READING scroll of enchant weapon.
  1220 | D:2      | 1220 ||| ENCHANTING +1 war axe.
  1475 | D:2      | 1475 ||| Stepping ~*~*~tactically~*~*~ (stealth).
  1510 | D:2      | 1510 ||| Stepping ~*~*~tactically~*~*~ (stealth).
  1748 | D:2      | 1748 ||| READING scroll labelled NUIH LUINAOGI.
  1749 | D:2      | 1749 ||| READING scroll labelled VEOHOA OROJO.
  1750 | D:2      | 1750 ||| READING scroll labelled GOETTI TISTIU.
  1751 | D:2      | 1751 ||| READING scroll labelled LEB BEUZIK.
  1921 | D:3      | 1921 ||| DROPPING +0 club.
  2049 | D:3      | 2049 ||| Stepping ~*~*~tactically~*~*~ (hiding).
  2244 | D:3      | Noticed Jessica
  2254 | D:3      | Killed Jessica
  2255 | D:3      | Reached skill level 1 in Dodging
  2255 | D:3      | Reached XP level 6. HP: 31/38 MP: 6/6
  2336 | D:3      | 2336 ||| Stepping ~*~*~tactically~*~*~ (stealth).
  2337 | D:3      | 2337 ||| Stepping ~*~*~tactically~*~*~ (stealth).
  2504 | D:3      | 2504 ||| UPGRADING to +0 kite shield.
  2514 | D:3      | 2514 ||| DROPPING +0 buckler.
  2515 | D:3      | 2515 ||| READING scroll labelled TIUNKE UNONT.
  2518 | D:3      | 2518 ||| READING scroll labelled TAL QAS LOZAPP.
  2614 | D:4      | 2614 ||| Stepping ~*~*~tactically~*~*~ (stealth).
  2615 | D:4      | 2615 ||| Stepping ~*~*~tactically~*~*~ (stealth).
  2690 | D:4      | Found a hazy altar of Hepliaklqana.
  2697 | D:4      | HP: 2/38 [ogre/+0 giant club (22)]
  2698 | D:4      | 2698 ||| READING scroll of teleportation.
  2698 | D:4      | Mangled by an ogre

Levels and vault maps discovered:
D:1:      minmay_arrival_radiant_lines, layout_basic, kennysheep_boxes
D:2:      layout_loops_ring, item_on_display_a
D:3:      layout_basic, minmay_misc_feat_nine_boxes, uniq_jessica
D:4:      layout_loops_cross, mainiacjoe_overflow_six_doors_small,
          nicolae_overflow_two_pavilions, kennysheep_small_circle,
          uniq_menkaure, uniq_sigmund, uniq_natasha

Skill      XL: |  1  2  3  4  5 |
---------------+----------------+-----
Axes           | 2 3 5 |  5.0
Fighting       | 4 |  4.0
Dodging        | 1 |  1.1
Armour         | |  3.2
Shields        | |  3.3

Action                     |  1- 3 |  4- 6 || total
---------------------------+-------+-------++-------
  Melee: War axe           |   100 |    86 ||   186
    Use: Scroll            |     2 |     9 ||    11
 Armour: Scale mail        |    52 |    35 ||    87
  Dodge: Dodged            |    42 |    20 ||    62
  Block: Buckler           |    26 |    11 ||    37
         Kite shield       |       |     4 ||     4

Table legend:
 A = Non-vault XP
 B = Vault XP
 C = Vault XP percentage of total XP
 D = Non-vault monster count
 E = Vault monster count
 F = Vault count percentage of total count
                 A         B        C        D         E       F
            +---------+---------+-------+---------+---------+-------
      Total |     151 |     206 |  57.7 |      53 |       2 |   3.6
            +---------+---------+-------+---------+---------+-------
        D:1 |      28 |       0 |   0.0 |      16 |       0 |   0.0
        D:2 |      79 |       0 |   0.0 |      22 |       0 |   0.0
        D:3 |      36 |      37 |  50.7 |      12 |       1 |   7.7
        D:4 |       8 |     169 |  95.5 |       3 |       1 |  25.0
            +---------+---------+-------+---------+---------+-------
